 Dungeon Crawl Stone Soup version 0.30-a0-458-g86641cc369 (webtiles) character file.

Game seed: 13139231897616137163

1318 bmack86 the Chopper (level 8, -1/70 HPs)
             Began as a Minotaur Fighter on Dec 15, 2022.
             Was an Initiate of Gozag.
             Killed by divine providence
             ... invoked by an orc priest
              (14 damage)
             ... on level 6 of the Dungeon.
             The game lasted 00:17:08 (4571 turns).

bmack86 the Chopper (Minotaur Fighter)              Turns: 4571, Time: 00:17:12

Health: -1/70      AC: 11    Str: 24    XL:     8   Next: 33%
Magic:  7/7        EV: 10    Int:  5    God:    Gozag
Gold:   331        SH:  5    Dex: 15    Spells: 7/7 levels left

rFire   . . .      SeeInvis .    a - +0 war axe
rCold   . . .      Faith    +    c - +0 buckler
rNeg    . . .      Spirit   .    b - +0 scale mail
rPois   .          Reflect  .    w - +1 hat
rElec   .          Harm     .    A - +0 cloak
rCorr   +          Rampage  .    (no gloves)
Will    .....                    y - +0 pair of boots
Stlth   +.........               p - amulet of faith
HPRegen 0.31/turn                B - +6 ring of dexterity
MPRegen 0.10/turn                u - ring of resist corrosion

@: gold aura
A: horns 2, retaliatory headbutt
a: Renounce Religion, Potion Petition, Call Merchant, Bribe Branch


You were on level 6 of the Dungeon.
You worshipped Gozag.
Gozag was aware of your devotion.
You visited 2 branches of the dungeon, and saw 7 of its levels.

You collected 587 gold pieces.
You spent 203 gold pieces at shops.
You paid 53 gold pieces to Gozag.

Inventory:

Hand Weapons
 a - a +0 war axe (weapon)
 z - a +3 scythe of draining
Armour
 b - a +0 scale mail (worn)
 c - a +0 buckler (worn)
 j - a scarf of harm
 w - a +1 hat (worn)
 y - a +0 pair of boots (worn)
 A - a +0 cloak (worn)
Jewellery
 p - an amulet of faith (around neck)
 t - an amulet of magic regeneration
 u - a ring of resist corrosion (right hand)
 v - a +6 ring of dexterity
 B - a +6 ring of dexterity (left hand)
Wands
 f - a wand of polymorph (8)
Scrolls
 n - a scroll of blinking
 o - 2 scrolls of vulnerability
 r - a scroll of butterflies
 s - a scroll of magic mapping
 x - 2 scrolls of identify
Potions
 d - 2 potions of might
 e - 4 potions of mutation {unknown}
 g - 3 potions of degeneration
 h - a potion of resistance
 i - 3 potions of heal wounds {unknown}
 k - 2 potions of attraction {unknown}
 l - 3 potions of haste {unknown}
 m - 4 potions of flight
 q - 2 potions of curing


   Skills:
 + Level 6.1 Fighting
 + Level 7.7 Axes
 + Level 7.5 Armour
 + Level 2.1 Dodging
 + Level 1.8 Stealth
 + Level 4.8 Shields


You had 7 spell levels left.
You didn't know any spells.
Your spell library was empty.

Dungeon Overview and Level Annotations

Branches:
Dungeon (6/15)             Temple (1/1) D:4

Altars:
Ashenzari
Cheibriados
Fedhas
Gozag
Kikubaaqudgha
Nemelex Xobeh
Qazlal
Ru
Sif Muna
Xom
Zin
The Shining One

Shops:
D:3 !(*?[


Innate Abilities, Weirdness & Mutations

You have a pair of horns on your head.
You reflexively headbutt those who attack you in melee.


Message History

The orc priest hits you but does no damage.
You hear some strange, mumbled words.
A puff of flame appears from out of thin air!
The puff of flame misses you.
The orc priest hits you but does no damage.
You barely miss the orc priest. Your headbutt misses the orc priest.
The orc priest is lightly wounded.
You miss something. You slash the orc priest!
The orc priest hits you but does no damage.
You are electrocuted!
The orc priest looks encouraged for a moment.
Something hits you.
You hit the orc priest.
The orc priest is moderately wounded.
You hit the orc priest. You slash something!
Reactivating autopickup.
You feel a bit more experienced.
The orc priest invokes the aid of Beogh against you.
You struggle to resist.
The orc priest miscasts a cantrip.
The orc priest hits you but does no damage.
You are electrocuted!
The orc priest hits you but does no damage.
Items here: " $ ) [.
You hit the orc priest but do no damage.
The orc priest is severely wounded.
You hit the orc priest.
You feel less confused.
The orc priest hits you but does no damage. x2
The orc priest looks satisfied for a moment.
The orc priest hits you but does no damage.
You are electrocuted!
* * * LOW HITPOINT WARNING * * *
You slice the orc priest!!
You kill the orc priest!
You barely miss the orc priest.
The orc priest invokes the aid of Beogh against you.
Beogh smites you!
You die...
Your body crumbles into a pile of gold.

'....#.....#..#.....
##..###..###'##.....
#..###..#......#
##+#
#...#...#......#
...#
.#...#...#......+
...#
.#...#...#......#
...#
##..######......#+#
...# ####
#.....#'###.###...#
#.....'..$@.......#
+.....#..o..).....#
#...<.########....#
##.........###....#
#.........#......#
#.........#......#
#.........#......#
#.........#))....#
#.........#)##...#


You could see an orc priest.

Vanquished Creatures
  Sigmund (D:6)
  An orc warrior (D:6)
  A sky beast (D:6)
  A black bear (D:5)
  An ogre (D:5)
  A phantom (D:5)
  A kobold brigand (D:6)
  A bullfrog (D:5)
  A gnoll sergeant (D:5)
  A wyvern skeleton (D:4)
  A hound (D:4)
  2 jellies (D:5)
  An orc priest (D:6)
  Ijyb (D:4)
  2 iguanas
  3 orc wizards
  A killer bee zombie (D:4)
  The ghost of pokeman the Magician, a weakling DEHW (D:4)
  A howler monkey zombie (D:4)
  5 gnolls (D:5)
  3 adders
  A white imp (D:6)
  3 worms
  3 dart slugs
  10 orcs
  10 endoplasms
  3 giant cockroaches
  12 goblins
  11 hobgoblins
  A quokka (D:2)
  7 ball pythons
  6 bats
  7 frilled lizards
  10 kobolds
  3 rats
118 creatures vanquished.

Notes
Turn   | Place    | Note
-------+----------+-------------------------------------------
     0 | D:1      | bmack86 the Minotaur Fighter began the quest for the Orb.
     0 | D:1      | Reached XP level 1. HP: 19/19 MP: 0/0
   182 | D:1      | Reached XP level 2. HP: 18/27 MP: 1/1
   687 | D:2      | Reached XP level 3. HP: 33/33 MP: 2/2
  1406 | D:3      | Reached XP level 4. HP: 41/41 MP: 3/3
  1452 | D:3      | Found Leasaq's Weapon Shoppe.
  1525 | D:3      | Found Nuezaise's Distillery.
  1531 | D:3      | Bought a potion of flight for 30 gold pieces
  1531 | D:3      | Bought a potion of curing for 30 gold pieces
  1660 | D:3      | Found Musso's Armour Shop.
  1771 | D:3      | Found a faded altar of an unknown god.
  1842 | D:3      | Found Guopsimn's Assorted Antiques.
  1889 | D:3      | Found Hurph's Magic Scroll Boutique.
  2023 | D:4      | Found a transporter.
  2089 | D:4      | Reached skill level 5 in Fighting
  2194 | D:4      | Found a snail-covered altar of Cheibriados.
  2218 | D:4      | Noticed pokeman's ghost (weakling DEHW)
  2235 | D:4      | Killed pokeman's ghost
  2236 | D:4      | Reached skill level 1 in Stealth
  2236 | D:4      | Reached XP level 5. HP: 29/48 MP: 4/4
  2244 | D:4      | Found a transporter.
  2318 | D:4      | Found a staircase to the Ecumenical Temple.
  2355 | D:4      | Reached skill level 1 in Dodging
  2360 | Temple   | Entered the Ecumenical Temple
  2409 | Temple   | Became a worshipper of Gozag Ym Sagoz the Greedy
  2541 | D:4      | Reached XP level 6. HP: 54/56 MP: 5/5
  2706 | D:4      | Noticed Ijyb
  2716 | D:4      | Killed Ijyb
  2717 | D:4      | Reached skill level 5 in Armour
  2838 | D:4      | Reached skill level 5 in Axes
  3149 | D:3      | Bought a +1 hat for 143 gold pieces
  3173 | D:5      | Entered Level 5 of the Dungeon
  3183 | D:5      | Found a shimmering altar of Xom.
  3183 | D:5      | Found a shimmering altar of Xom.
  3184 | D:5      | Found a shimmering altar of Xom.
  3185 | D:5      | Found a shimmering altar of Xom.
  3487 | D:5      | Reached XP level 7. HP: 34/61 MP: 6/6
  3646 | D:5      | You fall into a shaft and drop 1 floor!
  3799 | D:6      | Noticed Sigmund
  3826 | D:6      | Killed Sigmund
  4298 | D:5      | Reached XP level 8. HP: 67/70 MP: 7/7
  4571 | D:6      | Killed from afar by an orc priest

Illustrated notes

Levels and vault maps discovered:
D:1:      wander_arrival_chamber, layout_loops_ring
D:2:      layout_basic
D:3:      layout_rooms, serial_shops, nicolae_shop_trees,
          nicolae_shop_bloodbath_and_beyond, nicolae_shop_hallway_plus, shop,
          nicolae_shop_statue_plus, shapermc_ecumenical_altar_totnotflames,
          minmay_stone_trees_medium
D:4:      cheibrodos_greedy_goblins, layout_basic, old_standard_altar,
          minmay_temple_entry_mist, gammafunk_ghost_mausoleum,
          minmay_misc_feat_alley, hangedman_decor_points, uniq_ijyb
D:5:      lemuel_ice_spiral_2, layout_basic, xom_redecorated
D:6:      layout_gridville, beargit_hepliaklqana_dungeon_heroes,
          hangedman_decor_peaks_small, uniq_blork_the_orc, uniq_prince_ribbit1,
          uniq_sigmund, uniq_grinder
Temple:   dshaligram_water_room_temple

Skill      XL: |  1  2  3  4  5  6  7  8 |
---------------+-------------------------+-----
Fighting       | 4 5 6 |  6.1
Armour         | 4 5 6 7 |  7.5
Shields        | 4 |  4.8
Axes           | 3 4 5 7 |  7.7
Stealth        | 1 |  1.8
Dodging        | 1 2 |  2.1

Action                   |  1- 3 |  4- 6 |  7- 9 || total
-------------------------+-------+-------+-------++-------
Melee: War axe           |    85 |   110 |    63 ||   258
       Headbutt          |    12 |    18 |     5 ||    35
  Use: Scroll            |     4 |     3 |       ||     7
       Potion            |       |     2 |       ||     2
 Stab: Distracted        |       |       |     1 ||     1
Armor: Scale mail        |    36 |    58 |    37 ||   131
Dodge: Dodged            |    37 |    64 |    25 ||   126
Block: Buckler           |    17 |    33 |     9 ||    59

Table legend: (Time is in decaauts)
 A = Elapsed time spent in this place.
 B = Non-inter-level travel time spent in this place.
 C = Inter-level travel time spent in this place.
 D = Time resting spent in this place.
 E = Time spent auto-exploring this place.
 F = Levels seen in this place.
 G = Mean time per level.
                   A        B        C        D        E       F      G
               +--------+--------+--------+--------+--------+-----+--------+
         Total |   4665 |   4486 |    179 |    411 |   2553 |   7 |  666.4 |
       Dungeon |   4527 |   4356 |    171 |    411 |   2517 |   6 |  754.5 |
        Temple |    137 |    129 |      8 |      0 |     36 |   1 |  137.0 |
               +--------+--------+--------+--------+--------+-----+--------+

Top non-repeatable levels by time:
     D:4: 1100 daAuts
     D:5: 874 daAuts
     D:2: 743 daAuts
     D:1: 652 daAuts
     D:3: 617 daAuts
     D:6: 539 daAuts
  Temple: 137 daAuts
